 Dungeon Crawl Stone Soup version 0.20.0-8-g6b59dc7 (webtiles) character file.

45 Locuples the Shield-Bearer (level 3, -1/29 HPs)
             Began as a Formicid Fighter on May 31, 2017.
             Splashed by a jelly's acid (11 damage)
             ... on level 1 of the Dungeon.
             The game lasted 00:01:41 (520 turns).

Locuples the Shield-Bearer (Formicid Fighter)        Turns: 520, Time: 00:01:42

Health: -1/29      AC: -1    Str: 21    XL:     3   Next: 90%
Magic:  3/3        EV:  8    Int:  7    God:
Gold:   16         SH:  9    Dex: 10    Spells: 2/2 levels left

rFire    . . .     SeeInvis +   a - +0 war axe
rCold    . . .     Gourm    .   c - +0 shield
rNeg     . . .     Faith    .   b - +0 scale mail
rPois    .         Spirit   .   (helmet unavailable)
rElec    .         Reflect  .   (no cloak)
rCorr    .         Harm     .   (no gloves)
MR       .....                  (no boots)
Stlth    ..........             (no amulet)
Regen    0.1/turn               (no ring)
MPRegen  0.1/turn               (no ring)

@: corroded
A: permanent stasis, dig shafts and tunnels, four strong arms, antennae 3
a: Dig, Shaft Self


You were on level 1 of the Dungeon.
You were not hungry.

You visited 1 branch of the dungeon, and saw 1 of its levels.

You collected 16 gold pieces.

Inventory:

Hand Weapons
 a - a +0 war axe (weapon)
Armour
 b - a +0 scale mail (worn)
 c - a +0 shield (worn)
Scrolls
 e - a scroll of enchant armour {unknown}
 h - 2 scrolls of identify {unknown}
Potions
 d - a potion of might
 i - a potion of ambrosia {unknown}
Comestibles
 f - a bread ration
 j - a meat ration
 k - a royal jelly


   Skills:
 + Level 3.6 Fighting
 + Level 2.7 Axes
 + Level 3.6 Armour
 + Level 4.2 Shields


You had 2 spell levels left.
You didn't know any spells.

Dungeon Overview and Level Annotations

Branches:
Dungeon (1/15)

Altars:


Innate Abilities, Weirdness & Mutations

You cannot be hasted, slowed, berserked, paralysed or teleported.
You can dig through walls and to a lower floor.
Your four strong arms can wield two-handed weapons with a shield.
You have a pair of large antennae on your head. (SInv)


Message History

You block the giant cockroach's attack. The rat closely misses you.
You hit the giant cockroach.
You kill the giant cockroach!
Your shield and scale mail prevent you from hitting the giant cockroach.
You hit the jelly but do no damage. The acid corrodes you!
Your hands burn!
You closely miss the rat. The giant cockroach bites you.
The jelly barely misses you. You block the rat's attack.
You block the giant cockroach's attack. The jelly closely misses you.
You hit the jelly.
Your hands burn!
The jelly is heavily wounded.
You barely miss the giant cockroach. You closely miss the rat.
The giant cockroach completely misses you.
The rat barely misses you. The jelly hits you.
You are splashed with acid!
The acid burns!
* * * LOW HITPOINT WARNING * * *
The giant cockroach bites you.
* * * LOW HITPOINT WARNING * * *
It was a potion of curing.
You feel better. The rat bites you. The jelly hits you.
You are splashed with acid!
The acid burns!
You die...

#..## #...............# #
#...####.##.##.###.....# #
#.....(............#+######
#..###'#######'###.#.......
#..#..⌠...>...⌠..#.#......#
#..#......<......#.#.####..
#..+⌠....###....⌠+......#..
#..#.............#......#..
#..#######@#######......##.
#..#....ssJr..$..#......+..
##.#.....wJ......#......###
#.#.............#......#
#.###############......#
#......................#
###########.###.##.....#
#............#
########.....#


You could see a worm, a jelly, an ooze, 2 giant cockroaches and a rat.

Vanquished Creatures
  2 oozes (D:1)
  A worm (D:1)
  2 dart slugs (D:1)
  2 leopard geckos (D:1)
  4 giant cockroaches (D:1)
  2 goblins (D:1)
  2 hobgoblins (D:1)
  5 jackals (D:1)
  A kobold (D:1)
  A frilled lizard (D:1)
  3 rats (D:1)
25 creatures vanquished.

Notes
Turn   | Place    | Note
-------+----------+-------------------------------------------
     0 | D:1      | Locuples the Formicid Fighter began the quest for the Orb.
     0 | D:1      | Reached XP level 1. HP: 18/18 MP: 1/1
     1 | D:1      | Found a runed door.
     1 | D:1      | Noticed a jelly
   137 | D:1      | Reached XP level 2. HP: 16/24 MP: 2/2
   406 | D:1      | Reached skill level 4 in Shields
   406 | D:1      | Reached XP level 3. HP: 25/29 MP: 3/3
   520 | D:1      | Splashed by a jelly's acid

Skill      XL: |  1  2 |
---------------+-------+-----
Shields        | 4 |  4.2
Fighting       | |  3.6
Axes           | |  2.7
Armour         | |  3.6

Action                   || total
-------------------------++-------
Melee: War axe           ||    70
  Use: Potion            ||     1
Armor: Scale mail        ||    43
Dodge: Dodged            ||    34
Block: Shield            ||    61
